 Dungeon Crawl Stone Soup version 0.27-a0-1188-g73eefd5def (webtiles) character file.

Game seed: 3445927516218867481

376 spiderkeys the Skirmisher (level 7, -2/55 HPs)
             Began as a Formicid Abyssal Knight on May 20, 2021.
             Was a Priest of Lugonu.
             Slain by an orc warrior
             ... wielding a +0 battleaxe
              (10 damage)
             ... on level 4 of the Dungeon.
             The game lasted 00:06:05 (4296 turns).

spiderkeys the Skirmisher (Formicid Abyssal Knight) Turns: 4296, Time: 00:06:06

Health: -2/55      AC: 15    Str: 18    XL:     7   Next: 3%
Magic:  10/10      EV:  5    Int: 12    God:    Lugonu [***...]
Gold:   153        SH:  0    Dex: 10    Spells: 6/6 levels left

rFire    . . .     SeeInvis +   a - +2 spear
rCold    . . .     Faith    .   (no shield)
rNeg     . . .     Spirit   .   i - +0 plate armour
rPois    .         Reflect  .   (helmet unavailable)
rElec    .         Harm     .   (no cloak)
rCorr    .         Rampage  .   g - +1 pair of gloves
Will     .....                  b - +0 pair of boots
Stlth    ..........             (no amulet)
HPRegen  0.18/turn              (no ring)
MPRegen  0.12/turn              (no ring)

@: no status effects
A: permanent stasis, dig shafts and tunnels, antennae 3, four strong arms
a: Dig, Shaft Self, Renounce Religion, Depart the Abyss, Bend Space, Banish


You were on level 4 of the Dungeon.
You worshipped Lugonu.
Lugonu was most pleased with you.
You visited 1 branch of the dungeon, and saw 4 of its levels.
You visited the Abyss 1 time.

You collected 153 gold pieces.


Innate Abilities, Weirdness & Mutations

You cannot be hasted, slowed, berserked, paralysed or teleported.
You can dig through walls and to a lower floor.
You have a pair of large antennae on your head. (SInv)
Your four strong arms can wield two-handed weapons with a shield.


   Skills:
 + Level 4.9 Fighting
 + Level 3.7 Polearms
 + Level 4.2 Armour
 - Level 1.0 Dodging
 + Level 4.5 Invocations


You had 6 spell levels left.
You didn't know any spells.
Your spell library contained the following spells:

 Spells                   Type           Power      Damage    Failure   Level
 Animate Skeleton         Necr           0%         N/A       100%        1
 Apportation              Tloc           0%         N/A       100%        1
 Corona                   Hex            0%         N/A       100%        1
 Summon Small Mammal      Summ           0%         N/A       100%        1
 Confusing Touch          Hex            0%         N/A       100%        3
 Gell's Gravitas          Tloc           0%         N/A       100%        3
 Petrify                  Tmut/Erth      0%         N/A       100%        4
 Metabolic Englaciation   Hex/Ice        0%         N/A       100%        5
 Yara's Violent Unravell  Hex/Tmut       0%         3d3       100%        5

Inventory:

Hand Weapons
 a - a +2 spear (weapon)
 f - a +0 hunting sling
   (You found it on level 3 of the Abyss)
Missiles
 h - 25 sling bullets
 k - 107 stones
 n - 22 poisoned darts
 q - 16 bolts
 r - 14 arrows
Armour
 b - a +0 pair of boots (worn)
   (You found it on level 1 of the Dungeon)
 g - a +1 pair of gloves (worn)
   (You found it on level 1 of the Dungeon)
 i - a +0 plate armour (worn)
   (You found it on level 1 of the Dungeon)
Wands
 d - a wand of polymorph (2)
   (You found it on level 2 of the Abyss)
 e - a wand of iceblast (18)
   (You found it on level 3 of the Abyss)
Scrolls
 l - a scroll of magic mapping {!r}
Potions
 c - a potion of attraction {unknown}
 j - 2 potions of heal wounds {unknown}
 m - a potion of curing {unknown}
 o - a potion of might {unknown}
 p - a potion of flight {unknown}

Dungeon Overview and Level Annotations

Branches:
Dungeon (4/15)
 Temple: D:4-7

Altars:
Elyvilon
Xom
Zin

Shops:
D:2

* #.# #..#...#
#.# #..######
#.# #.......#
#.#####.#####.#
#.......# #.#
######### #.#
#.# #.#########
#..@oo.....
###########


You could see an orc warrior and an orc.


Message History

Your hp is fully restored (55).
You hit the ball python.
The ball python bites you but does no damage.
The ball python grabs you. The ball python constricts you.
You barely miss the ball python.
The ball python bites you but does no damage.
The ball python constricts you.
You barely miss the ball python.
The ball python bites you but does no damage.
The ball python constricts you.
You closely miss the ball python.
The ball python bites you but does no damage.
The ball python constricts you.
You closely miss the ball python.
The ball python bites you but does no damage.
The ball python constricts you.
You closely miss the ball python.
The ball python bites you but does no damage.
The ball python constricts you.
The ball python bites you but does no damage.
The ball python constricts you.
You completely miss the ball python.
The ball python bites you but does no damage.
The ball python constricts you.
You hit the ball python.
You kill the ball python!
Lugonu accepts your kill.
No target in view!
No target in view!
Things that are here:
a ball python corpse; a jackal corpse You open the door.
Found a stone staircase leading up.
No target in view!
No target in view!
No target in view!
A dart slug comes into view.
The dart slug launches a dart at you.
The slug dart hits you but does no damage.
The dart slug launches a dart at you.
The slug dart hits you but does no damage.
You hit the dart slug. The dart slug launches a dart at you.
The slug dart hits you but does no damage.
You completely miss the dart slug. You puncture the dart slug!
You kill the dart slug!
Lugonu accepts your kill.
Key pressed, stopping explore.
An orc comes into view. It is wielding a +0 club.
The orc shouts!
An orc is nearby!
An orc warrior comes into view. It is wielding a +0 battleaxe.
An orc comes into view. It is wielding a +0 mace.
You reach to attack!
You hit the orc. You hit the orc. The orc hits you but does no damage.
You hit the orc.
You kill the orc!
Lugonu accepts your kill.
You closely miss the orc warrior.
The orc warrior hits you with a +0 battleaxe! 😕 HP[-9]
You take 9 damage, and now have 46/55 hp.
You hit the orc warrior but do no damage.
The orc warrior hits you with a +0 battleaxe! 😮 HP[-10]
You take 10 damage, and now have 36/55 hp.
You are too injured to fight recklessly!
You are too injured to fight recklessly!
You are too injured to fight recklessly!
You are too injured to fight recklessly!
Unknown command.
You hit the orc warrior but do no damage.
The orc warrior barely misses you.
You hit the orc warrior.
The orc warrior hits you with a +0 battleaxe. 😮 HP[-3]
You take 3 damage, and now have 33/55 hp.
You hit the orc warrior but do no damage.
The orc warrior hits you but does no damage. 😮 HP[+1]
You hit the orc warrior but do no damage.
The orc warrior hits you with a +0 battleaxe!
* * * LOW HITPOINT WARNING * * *
😨 HP[-10]
You take 10 damage, and now have 24/55 hp.
You barely miss the orc warrior. You closely miss the orc warrior.
The orc warrior barely misses you.
You hit the orc warrior.
The orc warrior hits you with a +0 battleaxe!
* * * LOW HITPOINT WARNING * * *
😱 HP[-16]
You take 16 damage, and now have 8/55 hp.
MASSIVE DAMAGE!! (PAUSE)
Press: ? - help, Shift-Dir - straight line, f - orc warrior
Aim: an orc warrior, wielding a +0 battleaxe and wearing a +0 chain mail (lightly wounded, chance to affect: 83%)
You fail to use your ability.
The orc warrior hits you with a +0 battleaxe!
You die...

Skill      XL: |  1  2  3  4  5  6 |
---------------+-------------------+-----
Dodging        | 1 |  1.0
Invocations    | 3 4 |  4.5
Armour         | 3 4 |  4.2
Fighting       | 4 |  4.9
Polearms       | 3 |  3.7

Action                   |  1- 3 |  4- 6 |  7- 9 || total
-------------------------+-------+-------+-------++-------
Melee: Spear             |   116 |   203 |    33 ||   352
Invok: Depart the Abyss  |     1 |       |       ||     1
 Abil: Dig               |     2 |     1 |     1 ||     4
  Use: Scroll            |     3 |     5 |       ||     8
Armor: Leather armour    |    11 |       |       ||    11
       Plate armour      |    55 |   119 |    21 ||   195
Dodge: Dodged            |    46 |    40 |     3 ||    89

Levels and vault maps discovered:
D:1:      dpeg_arrival_pits, layout_loops_cross, shapermc_ecumenical_altar_gd
D:2:      layout_loops_ring, serial_shops, nicolae_shop_behind_doors,
          chequers_decorated_corner, small_statue_intersection, nrook_uturn
D:3:      layout_basic, grunt_temple_overflow_order_and_chaos_1, uniq_natasha
D:4:      layout_basic, elyvilon_altar_4, minmay_box_of_dots

Notes
Turn   | Place    | Note
-------+----------+-------------------------------------------
     0 | Abyss:1  | spiderkeys the Formicid Abyssal Knight began the quest for
                  | the Orb.
     0 | Abyss:1  | Reached XP level 1. HP: 18/18 MP: 2/2
     0 | Abyss:1  | magus.rc [v1.9.10]
    23 | Abyss:1  | You pick up a book of Misfortune and begin reading...
    23 | Abyss:1  | You add the spells Confusing Touch, Gell's Gravitas,
                  | Petrify, Metabolic Englaciation and Yara's Violent
                  | Unravelling to your library.
   111 | Abyss:3  | Noticed a naga warrior
   111 | Abyss:3  | Noticed a naga warrior
   111 | Abyss:3  | Noticed a naga
   111 | Abyss:3  | Noticed a naga
   113 | Abyss:3  | Noticed a guardian serpent
   116 | D:1      | You pass through the gate.
   116 | D:1      | Escaped the Abyss
   120 | D:1      | HP: 4/18 [poisoned by a naga warrior (splash of poison)]
   392 | D:1      | You pick up a book of Cantrips and begin reading...
   392 | D:1      | You add the spells Corona, Animate Skeleton, Summon Small
                  | Mammal and Apportation to your library.
   481 | D:1      | Reached skill level 1 in Dodging
   537 | D:1      | Reached XP level 2. HP: 22/24 MP: 3/3
   738 | D:1      | Reached * piety under Lugonu
  1043 | D:1      | Found a faded altar of an unknown god.
  1077 | D:1      | Reached XP level 3. HP: 29/29 MP: 4/4
  1657 | D:2      | Reached skill level 3 in Invocations
  1673 | D:2      | Reached XP level 4. HP: 37/37 MP: 6/6
  1808 | D:2      | Found Uwowk's General Store.
  1839 | D:2      | Reached ** piety under Lugonu
  2092 | D:2      | Reached skill level 3 in Armour
  2447 | D:3      | Reached skill level 4 in Fighting
  2498 | D:3      | Noticed Natasha
  2516 | D:3      | Killed Natasha
  2517 | D:3      | Reached XP level 5. HP: 36/42 MP: 7/7
  2680 | D:3      | Noticed Natasha
  2687 | D:3      | Killed Natasha
  2688 | D:3      | Reached skill level 3 in Polearms
  2721 | D:3      | Noticed Natasha
  2725 | D:3      | Killed Natasha
  3212 | D:3      | Reached XP level 6. HP: 45/49 MP: 8/8
  3332 | D:3      | Noticed an angel
  3333 | D:3      | Found a shimmering altar of Xom.
  3367 | D:3      | Found a glowing silver altar of Zin.
  3533 | D:4      | Reached skill level 4 in Invocations
  3814 | D:4      | Found a white marble altar of Elyvilon.
  4077 | D:4      | Noticed a black bear
  4090 | D:4      | Killed a black bear
  4091 | D:4      | Reached skill level 4 in Armour
  4091 | D:4      | Reached XP level 7. HP: 46/55 MP: 10/10
  4176 | D:4      | Reached *** piety under Lugonu
  4295 | D:4      | HP: 8/55 [orc warrior/+0 battleaxe (16)]
  4296 | D:4      | Slain by an orc warrior

Vanquished Creatures
  A black bear (D:4)
  A jelly (D:4)
  An iguana (D:4)
  Natasha (thrice) (D:3)
  5 adders
  An ufetubus (D:4)
  3 adder skeletons (D:4)
  A worm (D:2)
  4 dart slugs
  2 orcs (D:4)
  6 endoplasms
  11 goblins
  11 hobgoblins
  9 jackals
  3 quokkas
  5 ball pythons
  5 bats
  4 frilled lizards
  7 kobolds
  11 rats
94 creatures vanquished.

Vanquished Creatures (others)
  A jackal (D:4)
  2 fungi (D:1)
  3 plants (D:1)
6 creatures vanquished.

Grand Total: 100 creatures vanquished

Table legend:
 A = Non-vault XP
 B = Vault XP
 C = Vault XP percentage of total XP
 D = Non-vault monster count
 E = Vault monster count
 F = Vault count percentage of total count
                 A         B        C        D         E       F
            +---------+---------+-------+---------+---------+-------
      Total |     379 |     159 |  29.6 |      90 |       4 |   4.3
            +---------+---------+-------+---------+---------+-------
        D:1 |      50 |       0 |   0.0 |      30 |       0 |   0.0
        D:2 |      60 |       0 |   0.0 |      17 |       0 |   0.0
        D:3 |     128 |      33 |  20.5 |      25 |       1 |   3.8
        D:4 |     141 |     126 |  47.2 |      18 |       3 |  14.3
            +---------+---------+-------+---------+---------+-------

Illustrated notes

Table legend:
 A = Kills in this place as a percentage of kills in entire the game.
 B = Kills by you in this place as a percentage of kills by you in the entire game.
 C = Kills by friends in this place as a percentage of kills by friends in the entire game.
 D = Other kills in this place as a percentage of other kills in the entire game.
 E = Experience gained in this place as a percentage of experience gained in the entire game.
 F = Experience gained in this place divided by the number of levels of this place that you have seen.
                   A       B       C       D       E      F
               +-------+-------+-------+-------+-------+----------------------
         Total | 100.0 | 100.0 |   N/A |   N/A | 100.0 |  76.9
       Dungeon | 100.0 | 100.0 |   N/A |   N/A | 100.0 | 134.5
               +-------+-------+-------+-------+-------+----------------------

Table legend: (Time is in decaauts)
 A = Elapsed time spent in this place.
 B = Non-inter-level travel time spent in this place.
 C = Inter-level travel time spent in this place.
 D = Time resting spent in this place.
 E = Time spent auto-exploring this place.
 F = Levels seen in this place.
 G = Mean time per level.
                   A        B        C        D        E       F      G
               +--------+--------+--------+--------+--------+-----+--------+
         Total |   4281 |   4214 |     67 |    768 |   2661 |   7 |  611.6 |
       Dungeon |   4165 |   4098 |     67 |    768 |   2661 |   4 | 1041.2 |
         Abyss |    115 |    115 |      0 |      0 |      0 |   3 |   38.3 |
               +--------+--------+--------+--------+--------+-----+--------+

Top non-repeatable levels by time:
     D:1: 1488 daAuts
     D:3: 971 daAuts
     D:4: 870 daAuts
     D:2: 835 daAuts
 Abyss:1: 69 daAuts
 Abyss:2: 30 daAuts
 Abyss:3: 16 daAuts
